 Dungeon Crawl Stone Soup version 0.27-a0-965-gbf8bb431c4 (webtiles) character file.

Game seed: 2532664492465522517

63 jestyr24 the Skirmisher (level 3, -4/35 HPs)
             Began as a Minotaur Berserker on Apr 12, 2021.
             Was a Believer of Trog.
             Slain by an orc
             ... wielding a +2 vorpal flail
              (5 damage)
             ... on level 2 of the Dungeon.
             The game lasted 00:02:58 (865 turns).

jestyr24 the Skirmisher (Minotaur Berserker)         Turns: 865, Time: 00:02:59

Health: -4/35      AC:  5    Str: 22    XL:     3   Next: 89%
Magic:  2/2        EV: 11    Int:  4    God:    Trog [**....]
Gold:   22         SH:  0    Dex:  9    Spells: 2/2 levels left

rFire    . . .     SeeInvis .   a - +0 hand axe
rCold    . . .     Faith    .   (no shield)
rNeg     . . .     Spirit   .   f - +0 ring mail
rPois    .         Reflect  .   (helmet restricted)
rElec    .         Harm     .   (no cloak)
rCorr    .         Rampage  .   (no gloves)
Will     .....                  (no boots)
Stlth    ..........             (no amulet)
HPRegen  0.11/turn              g - ring of flight
MPRegen  0.08/turn              (no ring)

@: flying
A: horns 2, retaliatory headbutt
a: Renounce Religion, Berserk, Trog's Hand


You were on level 2 of the Dungeon.
You worshipped Trog.
Trog was pleased with you.
You visited 1 branch of the dungeon, and saw 2 of its levels.

You collected 22 gold pieces.

Inventory:

Hand Weapons
 a - a +0 hand axe (weapon)
Armour
 b - a +0 animal skin
 f - a +0 ring mail (worn)
Jewellery
 g - a ring of flight (left hand)
 i - a +6 ring of intelligence
Scrolls
 c - a scroll of magic mapping {unknown}
 d - a scroll of acquirement {unknown}
 e - a scroll of enchant armour {unknown}
 j - a scroll of immolation {unknown}
 k - a scroll of vulnerability {unknown}
Potions
 h - 2 potions of heal wounds {unknown}


   Skills:
 * Level 4.8 Fighting
 - Level 4.0 Axes
 * Level 3.2 Armour
 * Level 2.7 Dodging


You had 2 spell levels left.
You didn't know any spells.
Your spell library was empty.

Dungeon Overview and Level Annotations

Branches:
Dungeon (2/15)

Altars:


Innate Abilities, Weirdness & Mutations

You have a pair of horns on your head.
You reflexively headbutt those who attack you in melee.


Message History

The orc wizard is moderately wounded.
You barely miss the orc.
The orc hits you from afar with a +0 trident.
The orc wizard barely misses you. You furiously retaliate!
You headbutt the orc wizard. The orc misses you. You furiously retaliate!
You headbutt the orc, but do no damage. You hit the orc wizard.
You kill the orc wizard!
Trog accepts your kill.
Trog appreciates your killing of a magic user.
You completely miss the orc. The orc barely misses you. x2
Your Armour skill increases to level 3!
The orc hits you with a +0 trident. The orc barely misses you.
Found 14 gold pieces.
Things that are here:
a +0 dagger; a +0 robe You closely miss the orc wizard.
You barely miss the orc. You hit the orc. The orc hits you with a +0 trident.
The orc barely misses you.
You hit the orc wizard. You headbutt the orc wizard!
The orc wizard is almost dead.
You barely miss the orc. You closely miss the orc.
The orc wizard casts a spell at itself.
The orc wizard flickers and vanishes!
Deactivating autopickup; reactivate with Ctrl-A.
The orc hits you with a +0 trident. Something hits you but does no damage.
You barely miss something. You barely miss the orc.
You barely miss the ball python. You hit the orc.
The orc hits you with a +0 trident.
* * * LOW HITPOINT WARNING * * *
The orc hits you with a +2 vorpal flail!
* * * LOW HITPOINT WARNING * * *
x2 The ball python bites you but does no damage.
The ball python grabs you. The ball python constricts you.
Something hits you but does no damage. The orc barely misses you.
You furiously retaliate!
You headbutt the orc!
You kill the orc!
Trog accepts your kill.
You escape the ball python's grasp.
The orc hits you with a +2 vorpal flail.
You die...

............#
............#
..........<.#
............# ##...
$.........>.#......
............#......
#....){.!..#......
#...Soo...#......
+....@...........
#................
#................
#................
#.........#......
#.....<...#######
#.........#
###########


You could see 2 orcs and a ball python.

Vanquished Creatures
  An orc wizard (D:2)
  An orc (D:2)
  3 ball pythons (D:1)
  2 giant cockroaches (D:1)
  A goblin (D:1)
  4 hobgoblins (D:1)
  8 jackals (D:1)
  A quokka (D:1)
  A bat (D:1)
  3 frilled lizards (D:1)
  5 kobolds (D:1)
  5 rats
35 creatures vanquished.

Notes
Turn   | Place    | Note
-------+----------+-------------------------------------------
     0 | D:1      | jestyr24 the Minotaur Berserker began the quest for the
                  | Orb.
     0 | D:1      | Reached XP level 1. HP: 19/19 MP: 0/0
   137 | D:1      | Reached XP level 2. HP: 20/27 MP: 1/1
   352 | D:1      | Found a faded altar of an unknown god.
   422 | D:1      | Reached ** piety under Trog
   441 | D:1      | Reached XP level 3. HP: 33/34 MP: 2/2
   864 | D:2      | HP: 1/35 [orc/+2 vorpal flail (2)]
   865 | D:2      | Slain by an orc

Illustrated notes

Levels and vault maps discovered:
D:1:      nzn_arrival_crosshair, layout_basic, basic_ecumenical_altar,
          amcnicky_mini_corridor_feature, minmay_misc_feat_more_columns,
          minmay_misc_feat_diagonals
D:2:      layout_basic, serial_shops, shop

Skill      XL: |  1  2  3 |
---------------+----------+-----
Axes           | 4 |  4.0
Fighting       | 4 |  4.8
Armour         | 3 |  3.2
Dodging        | |  2.7

Action                   || total
-------------------------++-------
Melee: Hand axe          ||    72
       Headbutt          ||    11
Armor: Ring mail         ||    36
Dodge: Dodged            ||    57

Table legend: (Time is in decaauts)
 A = Elapsed time spent in this place.
 B = Non-inter-level travel time spent in this place.
 C = Inter-level travel time spent in this place.
 D = Time resting spent in this place.
 E = Time spent auto-exploring this place.
 F = Levels seen in this place.
 G = Mean time per level.
                   A        B        C        D        E       F      G
               +--------+--------+--------+--------+--------+-----+--------+
         Total |    871 |    790 |     81 |     66 |    486 |   2 |  435.5 |
       Dungeon |    871 |    790 |     81 |     66 |    486 |   2 |  435.5 |
               +--------+--------+--------+--------+--------+-----+--------+

Top non-repeatable levels by time:
     D:1: 853 daAuts
     D:2: 18 daAuts
